 Dungeon Sprint DCSS version 0.28.0-43-g3370ac3207 (webtiles) character file.

Game seed: 12383822113347340781

1261 boopmooplesden the Cleaver (level 8, -1/129 HPs)
             Began as a Minotaur Berserker on Mar 17, 2022.
             Was a Priest of Trog.
             Slain by a centaur warrior (2 damage)
             ... in the Dungeon (Sprint I: "Red Sonja").
             The game lasted 00:01:27 (617 turns).

boopmooplesden the Cleaver (Minotaur Berserker)      Turns: 617, Time: 00:01:28

Health: -1/129     AC: 14    Str: 22    XL:     8   Next: 27%
Magic:  7/7        EV: 10    Int:  4    God:    Trog [***...]
Gold:   423        SH:  0    Dex: 12    Spells: 7/7 levels left

rFire   . . .      SeeInvis .   l - +1 scythe (distort)
rCold   + . .      Faith    .   (shield currently unavailable)
rNeg    . . .      Spirit   .   k - +3 chain mail {rC+}
rPois   .          Reflect  .   (helmet restricted)
rElec   .          Harm     .   (no cloak)
rCorr   .          Rampage  .   (no gloves)
Will    .....      NoTele   +   (no boots)
Stlth   ..........              (no amulet)
HPRegen 0.31/turn               (no ring)
MPRegen 0.10/turn               (no ring)

@: berserking (expiring), very quick
A: horns 2, retaliatory headbutt
a: Renounce Religion, Berserk, Trog's Hand


You were in the Dungeon.
You worshipped Trog.
Trog was most pleased with you.
You visited 1 branch You collected 423 gold pieces.

Inventory:

Hand Weapons
 a - a +0 hand axe
 l - a +1 scythe of distortion (weapon)
Armour
 b - a +0 animal skin
 k - a +3 chain mail of cold resistance (worn)
Wands
 i - a wand of flame (12)
Scrolls
 h - a scroll of blinking
Potions
 c - a potion of curing
 d - a potion of heal wounds
 e - a potion of haste
 f - 2 potions of magic
 g - a potion of berserk rage
 j - a potion of flight {unknown}
 m - a potion of ambrosia {unknown}


   Skills:
 + Level 13.0 Fighting
 + Level 13.8(14.1) Axes
 + Level 4.2(9.9) Polearms
 + Level 8.4 Armour
 + Level 7.3 Dodging


You had 7 spell levels left.
You didn't know any spells.
Your spell library was empty.

Dungeon Overview and Level Annotations

Branches:
Dungeon (1/1)

Altars:
Cheibriados
Dithmenos
Elyvilon
Fedhas
Gozag
Hepliaklqana
Kikubaaqudgha
Makhleb
Nemelex Xobeh
Okawaru
Qazlal
Ru
Sif Muna
Trog
Uskayaw
Vehumet
Wu Jian
Xom
Yredelemnul
Zin
The Shining One
Jiyva
Lugonu

Shops:
D *


Innate Abilities, Weirdness & Mutations

You have a pair of horns on your head.
You reflexively headbutt those who attack you in melee.


Message History

The centaur warrior kicks you but does no damage.
You barely miss the centaur warrior.
The centaur warrior is lightly wounded.
The centaur warrior hits you.
The centaur warrior kicks you but does no damage.
The centaur warrior shoots an arrow.
The arrow closely misses you.
You hit the centaur warrior.
Space warps horribly around the centaur warrior!!
The centaur warrior is heavily wounded.
The centaur warrior closely misses you.
The centaur warrior completely misses you.
The centaur warrior shoots an arrow.
The arrow hits you!
The centaur warrior hits you but does no damage.
The centaur warrior kicks you.
The centaur warrior shoots an arrow.
The arrow hits you!
* * * LOW HITPOINT WARNING * * *
You closely miss the centaur warrior.
The centaur warrior is heavily wounded.
The centaur warrior misses you. You furiously retaliate!
You headbutt the centaur warrior!!
The centaur warrior kicks you but does no damage.
The centaur warrior shoots an arrow.
The arrow hits you.
* * * LOW HITPOINT WARNING * * *
The centaur warrior barely misses you.
The centaur warrior kicks you but does no damage.
You completely miss the centaur warrior.
The centaur warrior is almost dead.
The centaur warrior shoots an arrow.
The arrow hits you!!
* * * LOW HITPOINT WARNING * * *
The centaur warrior barely misses you. You furiously retaliate!
You headbutt the centaur warrior.
The centaur warrior kicks you but does no damage.
The centaur warrior shoots an arrow.
The arrow hits you!
* * * LOW HITPOINT WARNING * * *
You barely miss the centaur warrior. You headbutt the centaur warrior.
The centaur warrior is almost dead.
The centaur warrior hits you.
* * * LOW HITPOINT WARNING * * *
The centaur warrior kicks you.
You die...

#######################
#..').#..'..#__#..'...#
').#..'[.#..'..'..#§..#
#####'#####'#__####...+
####..#...#.####!§#####
#__####..##.#≈≈§§c#
#_____##'#_.'≈§c§.+
#_.∩...'..._#≈§§@§#
#_..__##_.#'##+####
#_____###+#.# #######
###


You could see 2 centaur warriors.

Vanquished Creatures
  A kobold demonologist (D)
  A slime creature (D)
  Sigmund (D)
  A yak (D)
  A floating eye (D)
  An ogre (D)
  Ijyb (D)
7 creatures vanquished.

Notes
Turn   | Place    | Note
-------+----------+-------------------------------------------
     0 | D        | boopmooplesden the Minotaur Berserker began the quest for
                  | the Orb.
     0 | D        | Reached XP level 1. HP: 19/19 MP: 0/0
     1 | D        | Noticed Ijyb
    13 | D        | Killed Ijyb
    14 | D        | Reached skill level 5 in Fighting
    14 | D        | Reached skill level 5 in Axes
    14 | D        | Reached XP level 2. HP: 13/29 MP: 1/1
   232 | D        | Noticed an ogre
   234 | D        | Killed an ogre
   235 | D        | Reached XP level 3. HP: 39/39 MP: 2/2
   235 | D        | Reached XP level 4. HP: 47/47 MP: 3/3
   381 | D        | Noticed Sigmund
   386 | D        | Killed Sigmund
   386 | D        | Reached ** piety under Trog
   387 | D        | Reached skill level 10 in Axes
   387 | D        | Reached skill level 5 in Armour
   387 | D        | Reached skill level 5 in Dodging
   387 | D        | Reached XP level 5. HP: 58/58 MP: 4/4
   387 | D        | Reached XP level 6. HP: 66/66 MP: 5/5
   401 | D        | Found a burning altar of Makhleb.
   401 | D        | Found a shimmering altar of Xom.
   401 | D        | Noticed a slime creature
   402 | D        | Found a viscous altar of Jiyva.
   402 | D        | Found a corrupted altar of Lugonu.
   406 | D        | Killed a slime creature
   407 | D        | Reached skill level 1 in Polearms
   537 | D        | Noticed a kobold demonologist
   538 | D        | Noticed a kobold demonologist
   539 | D        | Noticed a floating eye
   540 | D        | Paralysed by a floating eye for 2 turns
   542 | D        | Killed a kobold demonologist
   543 | D        | Reached XP level 7. HP: 75/75 MP: 6/6
   543 | D        | Banished a kobold demonologist
   544 | D        | Reached *** piety under Trog
   545 | D        | Reached XP level 8. HP: 85/85 MP: 7/7
   551 | D        | Found an ornate altar of the Wu Jian Council.
   551 | D        | Found a shimmering blue altar of Sif Muna.
   553 | D        | Found a radiant altar of Vehumet.
   582 | D        | Found Woaliyll's Assorted Antiques.
   582 | D        | Found an ancient bone altar of Kikubaaqudgha.
   582 | D        | Found a hazy altar of Hepliaklqana.
   582 | D        | Found a stormy altar of Qazlal.
   582 | D        | Found a hide-covered altar of Uskayaw.
   582 | D        | Found a blossoming altar of Fedhas.
   582 | D        | Found a bloodstained altar of Trog.
   582 | D        | Found an iron altar of Okawaru.
   582 | D        | Found a basalt altar of Yredelemnul.
   582 | D        | Found a glowing golden altar of the Shining One.
   582 | D        | Found a snail-covered altar of Cheibriados.
   582 | D        | Found a sacrificial altar of Ru.
   582 | D        | Found a glowing silver altar of Zin.
   582 | D        | Found a shadowy altar of Dithmenos.
   582 | D        | Found a white marble altar of Elyvilon.
   585 | D        | Found an opulent altar of Gozag.
   586 | D        | Found a sparkling altar of Nemelex Xobeh.
   603 | D        | Noticed a centaur warrior
   607 | D        | Noticed a centaur warrior
   616 | D        | HP: 3/129 [centaur warrior/arrow (9)]
   617 | D        | HP: 1/129 [centaur warrior (2)]
   617 | D        | Slain by a centaur warrior

Illustrated notes

Levels and vault maps discovered:
D:        dungeon_sprint_1 [red_sonja_temple_1, red_sonja_temple_small_1]

Skill      XL: |  1  2  3  4  5  6  7  8 |
---------------+-------------------------+-----
Fighting       | 5 7 9 11 12 13 | 13.0
Axes           | 5 7 10 12 13 | 13.8
Armour         | 3 4 5 7 8 |  8.4
Dodging        | 3 4 5 6 7 |  7.3
Polearms       | 2 3 4 |  4.2

Action                   |  1- 3 |  4- 6 |  7- 9 || total
-------------------------+-------+-------+-------++-------
Melee: Hand axe          |    12 |     3 |       ||    15
       Headbutt          |     3 |       |     2 ||     5
       Scythe            |       |     6 |    13 ||    19
Invok: Berserk           |     2 |     2 |     1 ||     5
Armor: Chain mail        |       |     3 |    13 ||    16
Dodge: Dodged            |     2 |     5 |    15 ||    22
